 Dungeon Sprint DCSS version 0.24-a0-592-g9a1d66b0e3 (webtiles) character file.

Game seed: 15818851352779201817, levelgen mode: deterministic

26392 Artagas the Executioner (level 12, -4/133 HPs)
             Began as a Minotaur Berserker on Sept 9, 2019.
             Was the Champion of Trog.
             Slain by the 27-headed Lernaean hydra (9 damage)
             ... in the Dungeon (Sprint III: "The Ten Rune Challenge").
             The game lasted 00:17:52 (3745 turns).

Artagas the Executioner (Minotaur Berserker)        Turns: 3745, Time: 00:17:53

Health: -4/133     AC: 13    Str: 25    XL:     12   Next: 97%
Magic:  17/17      EV: 15    Int:  4    God:    Trog [******]
Gold:   3753       SH:  0    Dex: 12    Spells: 11/11 levels left

rFire    . . .     SeeInvis .   t - +6 executioner's axe (elec)
rCold    . . .     Gourm    .   (shield currently unavailable)
rNeg     . . .     Faith    .   H - +0 swamp dragon scales
rPois    +         Spirit   .   u - +1 hat {MR+}
rElec    .         Reflect  .   (no cloak)
rCorr    .         Harm     .   (no gloves)
MR       +++..     NoTele   +   (no boots)
Stlth    +.........             (no amulet)
HPRegen  1.32/turn              (no ring)
MPRegen  0.15/turn              j - +3 ring of slaying

@: very slightly contaminated, regenerating
A: retaliatory headbutt, horns 2
a: Berserk, Trog's Hand, Brothers in Arms, Renounce Religion


You were in the Dungeon.
You worshipped Trog.
Trog was exalted by your worship.
You were very hungry.

You visited 1 branch You collected 5253 gold pieces.
You spent 1500 gold pieces at shops.

Inventory:

Hand Weapons
 a - a +7 hand axe of flaming
   (Trog gifted it to you in the Dungeon)
 b - a +2 longbow of freezing
   (Trog gifted it to you in the Dungeon)
 t - a +6 executioner's axe of electrocution (weapon)
   (Trog gifted it to you in the Dungeon)
 F - a +5 broad axe of chopping
   (Trog gifted it to you in the Dungeon)
 I - a +4 antimagic executioner's axe
   (Trog gifted it to you in the Dungeon)
Missiles
 o - 5 silver javelins (quivered)
 D - 5 atropa-tipped darts
 E - 7 javelins
 G - 5 datura-tipped darts
Armour
 u - a +1 hat of magic resistance (worn)
   (You took it off Gastronok in the Dungeon)
 C - a +2 scale mail of fire resistance
   (You bought it in a shop in the Dungeon)
 H - +0 swamp dragon scales (worn)
   (You found it in the Dungeon)
Jewellery
 j - a +3 ring of slaying (right hand)
   (You bought it in a shop in the Dungeon)
 y - an uncursed ring of fire
   (You bought it in a shop in the Dungeon)
Wands
 p - a wand of paralysis (7)
   (You found it in the Dungeon)
Scrolls
 c - 4 scrolls of remove curse
 k - 2 scrolls of immolation
 r - a scroll of identify
 v - a scroll of enchant armour {unknown}
Potions
 d - a potion of might
 f - a potion of berserk rage
 g - 2 potions of magic
 h - 3 potions of haste
 i - 5 potions of mutation
 m - 6 potions of flight
 n - a potion of resistance
 q - 4 potions of curing
 s - a potion of agility
 w - 2 potions of heal wounds
 x - 3 potions of ambrosia {unknown}
 A - a potion of invisibility
 B - a potion of lignification {unknown}
 J - a potion of brilliance
Miscellaneous
 l - a phantom mirror
Comestibles
 e - 3 rations


   Skills:
 - Level 20.0 Fighting
 + Level 23.9 Axes
 + Level 6.6 Throwing
 - Level 16.7 Armour
 - Level 8.0 Dodging
 - Level 8.2 Evocations


You had 11 spell levels left.
You didn't know any spells.
Your spell library was empty.

Dungeon Overview and Level Annotations

Branches:
Dungeon (1/1)

Altars:
Cheibriados
Dithmenos
Elyvilon
Fedhas
Gozag
Hepliaklqana
Kikubaaqudgha
Makhleb
Nemelex Xobeh
Okawaru
Qazlal
Ru
Sif Muna
Trog
Uskayaw
Vehumet
Wu Jian
Xom
Yredelemnul
Zin
The Shining One
Beogh
Jiyva
Lugonu

Shops:
D *!:(

Annotations:
D Lernaean hydra


Innate Abilities, Weirdness & Mutations

You reflexively headbutt those who attack you in melee.
You have a pair of horns on your head.


Message History

Moving in this stuff is going to be slow.
You enter the shallow water.
Moving in this stuff is going to be slow.
A hydra and the Lernaean hydra come into view.
Found a decaying rune of Zot.
Saving game... please wait.
Level annotation: Lernaean hydra Welcome back, Artagas the Minotaur Berserker.
Trog says: Kill them all!
Press ? for a list of commands and other information.
The 27-headed Lernaean hydra bites you but does no damage.
The 27-headed Lernaean hydra bites you!
The 27-headed Lernaean hydra completely misses you.
The 27-headed Lernaean hydra bites you! The 27-headed Lernaean hydra bites you.
The 27-headed Lernaean hydra bites you but does no damage.
The 27-headed Lernaean hydra bites you!
The 27-headed Lernaean hydra bites you. x2
The 27-headed Lernaean hydra bites you!
The 27-headed Lernaean hydra bites you. x2
The 27-headed Lernaean hydra bites you! x2
The 27-headed Lernaean hydra bites you.
The 27-headed Lernaean hydra closely misses you.
The 27-headed Lernaean hydra bites you!
The 27-headed Lernaean hydra bites you but does no damage.
The 27-headed Lernaean hydra barely misses you.
The 27-headed Lernaean hydra bites you!
The 27-headed Lernaean hydra bites you but does no damage. x2
The 27-headed Lernaean hydra bites you.
* * * LOW HITPOINT WARNING * * *
The 27-headed Lernaean hydra bites you!
* * * LOW HITPOINT WARNING * * *
The 27-headed Lernaean hydra bites you.
* * * LOW HITPOINT WARNING * * *
The 27-headed Lernaean hydra bites you.
* * * LOW HITPOINT WARNING * * *
The 27-headed Lernaean hydra bites you but does no damage.
Blink to where?
Press: ? - help, Dir - move target cursor You are very lightly contaminated with residual magic.
As you read the scroll of blinking, it crumbles to dust.
You hear a crashing sound.
Your deep troll goes berserk!
You feel somewhat more hungry.
Your skin crawls.
You feel resistant to hostile enchantments.
You are feeling very hungry.
Your deep troll bites the seven-headed hydra!!
Your deep troll claws the seven-headed hydra!
Your deep troll rips one of the seven-headed hydra's heads off!
The six-headed hydra grows two more!
Your deep troll claws the eight-headed hydra.
Okay, then.
Okay, then.
Press: ? - help, . - travel You can't see that place. [a tree.]
Press: ? - help, v - describe, . - travel A tree.
Your deep troll bites the eight-headed hydra!!
Your deep troll barely misses the eight-headed hydra.
Your deep troll claws the eight-headed hydra!!
The eight-headed hydra dies!
Trog accepts your kill.
You swap places.
Something bites your deep troll.
Something barely misses your deep troll.
Something misses your deep troll. x2
Something bites your deep troll but does no damage. x2
Something bites your deep troll. x2
Something barely misses your deep troll.
Something bites your deep troll. Something bites your deep troll! x2
Something bites your deep troll. Something bites your deep troll!!
Something barely misses your deep troll.
Something bites your deep troll!
Something closely misses your deep troll.
Something bites your deep troll. Something bites your deep troll! x3
Your deep troll dies!
Your deep troll's corpse disappears in a puff of smoke!
Your stone giant goes berserk!
You feel somewhat more hungry.
Your stone giant hits the 27-headed Lernaean hydra!!
Your stone giant rages.
You feel much better.
w - 2 potions of heal wounds;
c - 4 scrolls of remove curse The 27-headed Lernaean hydra bites you!
The 27-headed Lernaean hydra barely misses you.
The 27-headed Lernaean hydra bites you.
* * * LOW HITPOINT WARNING * * *
The 27-headed Lernaean hydra bites you.
* * * LOW HITPOINT WARNING * * *
The 27-headed Lernaean hydra barely misses you.
The 27-headed Lernaean hydra bites you but does no damage. x4
The 27-headed Lernaean hydra bites you!
* * * LOW HITPOINT WARNING * * *
The 27-headed Lernaean hydra bites you!
* * * LOW HITPOINT WARNING * * *
The 27-headed Lernaean hydra bites you.
* * * LOW HITPOINT WARNING * * *
The 27-headed Lernaean hydra bites you!
* * * LOW HITPOINT WARNING * * *
The 27-headed Lernaean hydra bites you but does no damage. x2
The 27-headed Lernaean hydra bites you!
You die...

♣♣.♣ ...φ#
♣.♣♣ .≈..#
♣≈♣♣ .D.≈#
♣≈.♣♣#≈..#
♣♣)♣♣≈####♣♣
♣♣[♣♣≈≈..≈♣
♣♣..♣♣♣♣.♣.♣
♣.≈..≈§DC.≈♣
♣....≈@§§§.♣
♣.♣...§§§≈≈♣
♣♣♣♣♣♣♣♣§∩∩♣
♣♣♣♣♣


You could see the 27-headed Lernaean hydra and a friendly stone giant (berserk).

Vanquished Creatures
  Rupert (D)
  Gastronok (D)
  2 dire elephants (D)
  Josephine (D)
  2 hydras (D)
  A centaur warrior (D)
  Urug (D)
  2 orc high priests (D)
  4 death yaks (D)
  An unseen horror (D)
  A death drake (D)
  6 swamp dragons (D)
  A spriggan druid (D)
  A lindwurm (D)
  A deep elf mage (D)
  2 orc knights (D)
  2 elephants (D)
  2 black mambas (D)
  2 spiny frogs (D)
  A rime drake (D)
  A komodo dragon (D)
  3 wandering mushrooms (D)
  A hornet (D)
  2 tyrant leeches (D)
  8 blink frogs (D)
  2 spriggans (D)
  A shadow (D)
  3 redbacks (D)
  A spatial vortex (D)
  An orc warrior (D)
  3 swamp drakes (D)
  A necrophage (D)
  2 centaurs (D)
  An earth elemental (D)
  A water elemental (D)
  A jelly (D)
  5 orc priests (D)
  3 orc wizards (D)
  Jessica (D)
  A wizard (D)
  A necromancer (D)
  3 humans (D)
  A kobold demonologist (D)
  A wolf (D)
  2 oozes (D)
  5 orcs (D)
  A rat (D)
  4 plants (D)
95 creatures vanquished.

Vanquished Creatures (collateral kills)
  A hydra (D)
1 creature vanquished.

Vanquished Creatures (others)
  2 draconian scorchers (D)
  6 hellions (D)
  2 yaktaurs (D)
  An electric eel (D)
  4 plants (D)
15 creatures vanquished.

Grand Total: 111 creatures vanquished

Notes
Turn   | Place    | Note
-------+----------+-------------------------------------------
     0 | D        | Artagas the Minotaur Berserker began the quest for the Orb.
     0 | D        | Reached XP level 1. HP: 19/19 MP: 0/0
    10 | D        | Reached skill level 4 in Fighting
    10 | D        | Reached skill level 4 in Axes
    15 | D        | Reached skill level 5 in Fighting
    15 | D        | Reached skill level 5 in Axes
    15 | D        | Reached XP level 2. HP: 26/29 MP: 1/1
    29 | D        | Noticed Jessica
    53 | D        | Killed Jessica
    53 | D        | Reached ** piety under Trog
    53 | D        | Reached skill level 6 in Fighting
    53 | D        | Reached skill level 6 in Axes
    53 | D        | Reached XP level 3. HP: 38/38 MP: 2/2
    77 | D        | Killed a hellion
    79 | D        | Killed a yaktaur
    85 | D        | Killed a hellion
    86 | D        | Killed a hellion
   102 | D        | Killed a hellion
   105 | D        | Killed a hellion
   107 | D        | Killed a hellion
   190 | D        | Killed a white draconian scorcher
   192 | D        | Killed a white draconian scorcher
   211 | D        | Reached skill level 7 in Fighting
   211 | D        | Reached skill level 7 in Axes
   212 | D        | Reached *** piety under Trog
   212 | D        | Reached XP level 4. HP: 47/47 MP: 3/3
   308 | D        | Noticed a water elemental
   311 | D        | Killed a water elemental
   311 | D        | Reached skill level 9 in Fighting
   311 | D        | Reached skill level 9 in Axes
   416 | D        | Found a glowing silver altar of Zin.
   417 | D        | Found a glowing golden altar of the Shining One.
   417 | D        | Found a white marble altar of Elyvilon.
   417 | D        | Noticed a deep elf mage
   427 | D        | Killed a deep elf mage
   427 | D        | Reached skill level 12 in Fighting
   427 | D        | Reached skill level 12 in Axes
   427 | D        | Reached XP level 5. HP: 63/63 MP: 4/4
   427 | D        | Reached XP level 6. HP: 71/71 MP: 5/5
   427 | D        | Reached XP level 7. HP: 78/78 MP: 6/6
   489 | D        | Found a radiant altar of Vehumet.
   490 | D        | Found a shimmering blue altar of Sif Muna.
   490 | D        | Found an ancient bone altar of Kikubaaqudgha.
   493 | D        | Reached **** piety under Trog
   493 | D        | Reached skill level 13 in Fighting
   493 | D        | Reached skill level 13 in Axes
   553 | D        | Found a hide-covered altar of Uskayaw.
   553 | D        | Found a roughly hewn altar of Beogh.
   553 | D        | Found an iron altar of Okawaru.
   553 | D        | Found a bloodstained altar of Trog.
   553 | D        | Found an ornate altar of the Wu Jian Council.
   553 | D        | Noticed a human
   554 | D        | Noticed a human
   561 | D        | Killed a human
   562 | D        | Killed a human
   562 | D        | Reached ***** piety under Trog
   562 | D        | Reached skill level 14 in Fighting
   562 | D        | Reached skill level 14 in Axes
   711 | D        | Found a basalt altar of Yredelemnul.
   711 | D        | Found a shadowy altar of Dithmenos.
   711 | D        | Found a sacrificial altar of Ru.
   717 | D        | Reached skill level 3 in Armour
   717 | D        | Reached skill level 3 in Dodging
   828 | D        | Noticed a shadow
   834 | D        | Killed a shadow
   834 | D        | Reached skill level 5 in Armour
   834 | D        | Reached skill level 4 in Dodging
   834 | D        | Reached XP level 8. HP: 68/89 MP: 7/7
   835 | D        | Reached skill level 5 in Dodging
  1018 | D        | Found a blossoming altar of Fedhas.
  1018 | D        | Found a stormy altar of Qazlal.
  1019 | D        | Found a snail-covered altar of Cheibriados.
  1019 | D        | Found a burning altar of Makhleb.
  1019 | D        | Found a hazy altar of Hepliaklqana.
  1019 | D        | Found a shimmering altar of Xom.
  1019 | D        | Found an opulent altar of Gozag.
  1019 | D        | Found a sparkling altar of Nemelex Xobeh.
  1019 | D        | Found a corrupted altar of Lugonu.
  1019 | D        | Found a viscous altar of Jiyva.
  1036 | D        | Reached skill level 6 in Armour
  1036 | D        | Reached skill level 1 in Evocations
  1236 | D        | Noticed Josephine
  1245 | D        | Killed Josephine
  1245 | D        | Received a gift from Trog
  1245 | D        | Reached skill level 8 in Armour
  1245 | D        | Reached skill level 8 in Dodging
  1245 | D        | Reached skill level 4 in Evocations
  1245 | D        | Reached XP level 9. HP: 92/95 MP: 8/11
  1368 | D        | Found Isenovas's Assorted Antiques.
  1369 | D        | Noticed an orc high priest
  1369 | D        | Noticed an orc high priest
  1369 | D        | Noticed an orc knight
  1370 | D        | Noticed an ice devil
  1396 | D        | Reached skill level 9 in Armour
  1396 | D        | Reached skill level 5 in Evocations
  1415 | D        | Killed an orc knight
  1415 | D        | Reached skill level 10 in Armour
  1507 | D        | Received a gift from Trog
  1510 | D        | Reached skill level 15 in Axes
  1607 | D        | Noticed an orc knight
  1620 | D        | Killed an orc knight
  1620 | D        | Reached skill level 11 in Armour
  1826 | D        | Noticed a red devil
  1828 | D        | Killed an orc high priest
  1828 | D        | Reached ****** piety under Trog
  1828 | D        | Reached skill level 17 in Axes
  1974 | D        | Noticed a rust devil
  1975 | D        | Killed an orc high priest
  1975 | D        | Reached skill level 12 in Armour
  1975 | D        | Reached XP level 10. HP: 104/104 MP: 12/12
  1998 | D        | Bought a gilded ring for 100 gold pieces
  1998 | D        | Bought a scroll of identify for 40 gold pieces
  1998 | D        | Bought a green potion for 18 gold pieces
  1998 | D        | Bought 2 potions of flight for 120 gold pieces
  1998 | D        | Bought a twisted copper ring for 100 gold pieces
  1998 | D        | Bought a shiny scale mail for 140 gold pieces
  1998 | D        | Bought a potion of heal wounds for 100 gold pieces
  2078 | D        | Noticed a centaur warrior
  2081 | D        | Received a gift from Trog
  2082 | D        | Killed a centaur warrior
  2082 | D        | Reached skill level 15 in Fighting
  2102 | D        | Killed an unseen horror
  2102 | D        | Reached skill level 18 in Axes
  2102 | D        | Reached skill level 13 in Armour
  2127 | D        | Reached skill level 16 in Fighting
  2140 | D        | Noticed a spiny frog
  2140 | D        | Noticed a spiny frog
  2143 | D        | Killed a spiny frog
  2146 | D        | Killed a spiny frog
  2146 | D        | Reached skill level 6 in Evocations
  2316 | D        | Reached skill level 14 in Armour
  2317 | D        | Received a gift from Trog
  2385 | D        | Reached XP level 11. HP: 116/116 MP: 15/15
  2386 | D        | Reached skill level 7 in Evocations
  2396 | D        | Reached skill level 17 in Fighting
  2485 | D        | Noticed a dire elephant
  2485 | D        | Noticed a dire elephant
  2485 | D        | Noticed Gastronok
  2493 | D        | Killed a dire elephant
  2493 | D        | Reached skill level 15 in Armour
  2493 | D        | Reached skill level 8 in Evocations
  2500 | D        | Killed a dire elephant
  2500 | D        | Received a gift from Trog
  2500 | D        | Reached skill level 18 in Fighting
  2508 | D        | Killed Gastronok
  2508 | D        | Reached skill level 16 in Armour
  2658 | D        | Noticed an azure jelly
  2658 | D        | Noticed an azure jelly
  2658 | D        | Noticed an azure jelly
  2659 | D        | Noticed an azure jelly
  2663 | D        | Noticed Rupert
  2672 | D        | Killed Rupert
  2672 | D        | Reached skill level 19 in Fighting
  2714 | D        | Noticed a death yak
  2714 | D        | Noticed a death yak
  2715 | D        | Noticed a death yak
  2718 | D        | Noticed a death yak
  2720 | D        | Killed a death yak
  2720 | D        | Reached skill level 19 in Axes
  2725 | D        | Killed a death yak
  2725 | D        | Received a gift from Trog
  2725 | D        | Reached skill level 20 in Fighting
  2725 | D        | Reached XP level 12. HP: 88/133 MP: 17/17
  2729 | D        | Killed a death yak
  2731 | D        | Killed a death yak
  2731 | D        | Reached skill level 20 in Axes
  2732 | D        | Received a gift from Trog
  2954 | D        | Received a gift from Trog
  2954 | D        | Reached skill level 21 in Axes
  2968 | D        | Noticed Urug
  2972 | D        | Killed Urug
  3081 | D        | Noticed a four-headed hydra
  3081 | D        | Noticed an eight-headed hydra
  3090 | D        | Killed a one-headed hydra
  3090 | D        | Reached skill level 22 in Axes
  3096 | D        | Killed a three-headed hydra
  3373 | D        | Found a blossoming altar of Fedhas.
  3377 | D        | Received a gift from Trog
  3382 | D        | Reached skill level 23 in Axes
  3536 | D        | Reached skill level 2 in Throwing
  3537 | D        | Received a gift from Trog
  3658 | D        | Reached skill level 3 in Throwing
  3660 | D        | Reached skill level 4 in Throwing
  3670 | D        | Reached skill level 5 in Throwing
  3673 | D        | Found Pesagol's Distillery.
  3673 | D        | Found Guett's Book Shop.
  3678 | D        | Reached skill level 6 in Throwing
  3686 | D        | Received a gift from Trog
  3713 | D        | Found Yjegag's Antique Weapon Shoppe.
  3720 | D        | Bought a potion of curing for 42 gold pieces
  3720 | D        | Bought a potion of haste for 140 gold pieces
  3720 | D        | Bought a potion of curing for 42 gold pieces
  3720 | D        | Bought a potion of agility for 56 gold pieces
  3720 | D        | Bought a potion of haste for 140 gold pieces
  3720 | D        | Bought 2 potions of mutation for 224 gold pieces
  3720 | D        | Bought a potion of heal wounds for 70 gold pieces
  3720 | D        | Bought a potion of mutation for 112 gold pieces
  3724 | D        | Bought a potion of brilliance for 56 gold pieces
  3734 | D        | Noticed a seven-headed hydra
  3734 | D        | Noticed the 27-headed Lernaean hydra
  3736 | D        | HP: 17/133 [the 27-headed Lernaean hydra (6)]
  3740 | D        | Killed an eight-headed hydra
  3745 | D        | HP: 16/133 [the 27-headed Lernaean hydra (8)]
  3745 | D        | HP: 5/133 [the 27-headed Lernaean hydra (10)]
  3745 | D        | Slain by the 27-headed Lernaean hydra

Levels and vault maps discovered:
D:        dungeon_sprint_mu [sprint_mu_entry_cave, sprint_mu_temple_rooms,
          sprint_mu_d1_horrors, sprint_mu_d2_genie, sprint_mu_d3_branching,
          sprint_mu_orc_legion, sprint_mu_elf_gauntlet, sprint_mu_hive_nellie,
          sprint_mu_lair_fedhas, sprint_mu_vaults_butterflies,
          sprint_mu_slime_circle, sprint_mu_swamp_cave, sprint_mu_shoals_kraken,
          sprint_mu_blade_basic, sprint_mu_crypt_lich, sprint_mu_tomb_spiral,
          sprint_mu_vestibule_basic, sprint_mu_gehenna_hellfire,
          sprint_mu_dis_giant, sprint_mu_tartarus_statrot,
          sprint_mu_cocytus_islands, sprint_mu_zot1]

Skill      XL: |  1  2  3  4  5  6  7  8  9 10 11 12 |
---------------+-------------------------------------+-----
Fighting       | 5 6 7 12 14 16 20 | 20.0
Axes           | 5 6 7 12 14 17 18 19 23 | 23.9
Armour         | 5 8 12 14 16 | 16.7
Dodging        | 4 8 |  8.0
Evocations     | 4 5 6 8 |  8.2
Throwing       | 6 |  6.6

Action                   |  1- 3 |  4- 6 |  7- 9 | 10-12 || total
-------------------------+-------+-------+-------+-------++-------
Melee: Hand axe          |    15 |    10 |    37 |     9 ||    71
       Headbutt          |     4 |     2 |    17 |    31 ||    54
       Broad axe         |       |       |    39 |    61 ||   100
       Executioner's axe |       |       |       |    68 ||    68
Invok: Berserk           |     2 |     2 |     7 |     4 ||    15
       Trog's Hand       |       |       |     1 |     2 ||     3
       Brothers in Arms  |       |       |     1 |     2 ||     3
  Use: Scroll            |       |     3 |       |     2 ||     5
       Potion            |       |       |       |     2 ||     2
  Eat: Chunk             |       |       |     8 |     9 ||    17
       Ration            |       |       |     2 |       ||     2
Armor: Leather armour    |     1 |       |       |       ||     1
       Ring mail         |       |       |     1 |       ||     1
       Chain mail        |       |       |     3 |       ||     3
       Scale mail        |       |       |       |    28 ||    28
       Swamp dragon scal |       |       |       |    20 ||    20
Dodge: Dodged            |     9 |     4 |    18 |    80 ||   111

Table legend:
 A = Non-vault XP
 B = Vault XP
 C = Vault XP percentage of total XP
 D = Non-vault monster count
 E = Vault monster count
 F = Vault count percentage of total count
                 A         B        C        D         E       F
            +---------+---------+-------+---------+---------+-------
      Total |       0 |   37704 | 100.0 |       0 |      92 | 100.0
            +---------+---------+-------+---------+---------+-------
          D |       0 |   37704 | 100.0 |       0 |      92 | 100.0
            +---------+---------+-------+---------+---------+-------

Levels and vault maps discovered:
D:        dungeon_sprint_mu [sprint_mu_entry_cave, sprint_mu_temple_rooms,
          sprint_mu_d1_horrors, sprint_mu_d2_genie, sprint_mu_d3_branching,
          sprint_mu_orc_legion, sprint_mu_elf_gauntlet, sprint_mu_hive_nellie,
          sprint_mu_lair_fedhas, sprint_mu_vaults_butterflies,
          sprint_mu_slime_circle, sprint_mu_swamp_cave, sprint_mu_shoals_kraken,
          sprint_mu_blade_basic, sprint_mu_crypt_lich, sprint_mu_tomb_spiral,
          sprint_mu_vestibule_basic, sprint_mu_gehenna_hellfire,
          sprint_mu_dis_giant, sprint_mu_tartarus_statrot,
          sprint_mu_cocytus_islands, sprint_mu_zot1]

Table legend:
 A = Turns spent in this place as a percentage of turns spent in the entire game.
 B = Non-inter-level travel turns spent in this place as a percentage of non-inter-level travel turns spent in the entire game.
 C = Inter-level travel turns spent in this place as a percentage of turns spent in this place.
 D = Turns resting spent in this place as a percentage of non-inter-level travel turns spent in this place.
 E = Turns spent auto-exploring this place as a percentage of non-inter-level travel turns spent in this place.
 F = Non-inter-level travel turns spent in this place divided by the number of levels of this place that you've seen.
                   A       B       C       D       E      F
               +-------+-------+-------+-------+-------+----------------------
         Total | 100.0 | 100.0 |   0.6 |  71.8 |   0.0 | 3722.0
       Dungeon | 100.0 | 100.0 |   0.6 |  71.8 |   0.0 | 3722.0
               +-------+-------+-------+-------+-------+----------------------

Table legend:
 A = Kills in this place as a percentage of kills in entire the game.
 B = Kills by you in this place as a percentage of kills by you in the entire game.
 C = Kills by friends in this place as a percentage of kills by friends in the entire game.
 D = Other kills in this place as a percentage of other kills in the entire game.
 E = Experience gained in this place as a percentage of experience gained in the entire game.
 F = Experience gained in this place divided by the number of levels of this place that you have seen.
                   A       B       C       D       E      F
               +-------+-------+-------+-------+-------+----------------------
         Total | 100.0 | 100.0 | 100.0 |   N/A | 100.0 | 37704.0
       Dungeon | 100.0 | 100.0 | 100.0 |   N/A | 100.0 | 37704.0
               +-------+-------+-------+-------+-------+----------------------
